AoeStats
← Reis

African Clearing

505821239Analyzed
4v4 RM · 23d ago on Sep 11, 2026· 37m 0s· 8 players
Game mode
Random Map
Map size
Large (8 player)
Population
200
Speed
Normal
Resources
Standard
Victory
Conquest
Starting age
Dark Age
Ending age
Imperial Age
RankedLock teamsTeams togetherTeam positionsShared explorationLock speedFull tech treeHidden civsTurbo modeCheats
Victory
Defeat
1447
+18
🇻🇳 Huns · Vietnam
1436
+18
🇻🇳 Koreans · Vietnam
1422
+19
🇻🇳 Persians · Vietnam
1403
+19
🇲🇽 Huns · Mexico
1531
-20
🇩🇰 Koreans · Denmark
1482
-19
🇦🇷 Japanese · Argentina
1467
-18
🇨🇭 Bulgarians · Switzerland
1443
-17
VX | El Venenudo
11:54 Feudal Age
12:22 Double-Bit Axe
12:43 Loom
14:08 Scale Barding Armor
14:31 Forging
18:11 Scale Barding Armor
19:13 Scale Mail Armor
24:48 Castle Age
23:12 Fletching
23:18 Horse Collar
24:58 Wheelbarrow
27:59 Bow Saw
31:13 Hand Cart
32:03 Heavy Plow
31:55 Gold Mining
36:43 Imperial Age
35:15 Gold Shaft Mining
35:03 Marauders
35:48 Bloodlines
35:39 Husbandry
36:01 Chain Barding Armor
36:59 Iron Casting
36:40 Pikeman
37:21 Squires
3409853472
3:44 Loom
13:57 Feudal Age
17:33 Fishing Lines
17:45 Horse Collar
17:51 Double-Bit Axe
21:25 Castle Age
19:22 Fishing Lines
19:53 Double-Bit Axe
20:36 Gold Mining
21:59 Town Watch
22:32 Gillnets
22:57 Bow Saw
23:20 Fletching
24:44 Bodkin Arrow
26:41 Wheelbarrow
28:19 Ballistics
37:40 Imperial Age
Reis
5:31 Loom
13:47 Feudal Age
18:07 Castle Age
18:30 Scale Barding Armor
18:36 Forging
Chim cu đi tắm
13:56 Feudal Age
18:05 Castle Age
16:31 Fletching
18:23 Padded Archer Armor
19:26 Wheelbarrow
18:38 Loom
18:50 Bodkin Arrow
18:57 Double-Bit Axe
23:03 Ballistics
25:18 Leather Archer Armor
31:03 Husbandry
35:06 Thumb Ring
aKetbuscugioi
14:19 Feudal Age
14:52 Loom
18:04 Castle Age
17:02 Double-Bit Axe
20:25 Fletching
22:16 Bodkin Arrow
33:23 Fervor
33:39 Sanctity
33:52 Gold Mining
Duc dam tac thich bus cu
11:41 Feudal Age
13:30 Wheelbarrow
12:42 Double-Bit Axe
12:59 Loom
17:04 Castle Age
21:55 Bow Saw
27:12 Scale Barding Armor
28:32 Husbandry
29:09 Horse Collar
30:17 Hand Cart
30:19 Bloodlines
31:08 Gold Mining
31:19 Heavy Plow
35:43 Imperial Age
33:43 Chain Barding Armor
33:34 Forging
34:51 Chatras
35:51 Iron Casting
35:05 Town Watch
36:17 Stone Mining
37:28 Two-Man Saw
36:59 Crop Rotation
RoadTo1100
12:47 Feudal Age
12:32 Loom
13:26 Double-Bit Axe
17:25 Castle Age
17:39 Bloodlines
18:10 Bow Saw
20:26 Husbandry
28:12 Horse Collar
31:38 Wheelbarrow
31:47 Heavy Plow
33:04 Forging
33:16 Scale Barding Armor
34:46 Hand Cart
36:34 Chain Barding Armor
37:20 Iron Casting
Vũ
9:39 Loom
11:34 Feudal Age
12:16 Double-Bit Axe
13:23 Horse Collar
16:27 Bloodlines
18:58 Wheelbarrow
22:44 Castle Age
20:47 Gold Mining
21:52 Fletching
22:08 Padded Archer Armor
23:21 Bodkin Arrow
23:29 Husbandry
28:22 Ballistics
28:21 Leather Archer Armor
31:08 Town Watch
31:39 Hand Cart
37:38 Imperial Age
35:51 Thumb Ring
Connection lost

Rejoining the realm…

Still unreachable

The connection could not be restored.

Session expired

The server has moved on; the page needs a fresh start.